 Dungeon Crawl Stone Soup version 0.31.0-11-ge490571c62 (webtiles) character file.

Game seed: 14489318089585374625

207 Curundu the Chopper (level 5, -1/70 HPs)
             Began as a Minotaur Berserker on Feb 3, 2024.
             Was a Believer of Trog.
             Incinerated by a bombardier beetle (3 damage)
             ... with a burning spray
             ... on level 4 of the Dungeon.
             The game lasted 00:08:29 (2888 turns).

Curundu the Chopper (Minotaur Berserker)            Turns: 2888, Time: 00:08:30

Health: -1/70      AC: 10    Str: 23    XL:     5   Next: 54%
Magic:  4/4        EV:  9    Int:  4    God:    Trog [**....]
Gold:   152        SH:  0    Dex: 10    Spells: 4/4 levels left

rFire   . . .        a - +0 hand axe
rCold   . . .        (no shield)
rNeg    . . .        h - +0 chain mail
rPois   .            (helmet restricted)
rElec   .            m - +0 cloak
rCorr   .            (no gloves)
SInv    .            (no boots)
Will    ++...        (no amulet) Stlth
                     (no ring)
HPRegen 1.31/turn    (no ring)
MPRegen 0.09/turn

%: no passive effects
@: berserking (expiring), on fire, strong-willed, regenerating, glowing, very
quick
A: horns 2, retaliatory headbutt
a: Renounce Religion, Berserk, Trog's Hand


You were on level 4 of the Dungeon.
You worshipped Trog.
Trog was pleased with you.
You visited 1 branch of the dungeon, and saw 4 of its levels.

You collected 152 gold pieces.

Inventory:

Hand Weapons
 a - a +0 hand axe (weapon)
Missiles
 q - 2 boomerangs (quivered)
Armour
 h - a +0 chain mail (worn)
 m - a +0 cloak (worn)
Scrolls
 b - 2 scrolls of blinking {unknown}
 c - 2 scrolls of fear
 k - 3 scrolls of teleportation
 n - 6 scrolls of identify
 p - a scroll of enchant armour {unknown}
 r - a scroll of fog {unknown}
Potions
 d - a potion of cancellation {unknown}
 e - 2 potions of lignification
 f - a potion of haste {unknown}
 g - a potion of brilliance {unknown}
 i - 3 potions of curing {unknown}
 j - 2 potions of resistance {unknown}
 l - 2 potions of magic {unknown}
 o - a potion of attraction {unknown}


   Skills:
 + Level 4.7 Fighting
 + Level 5.9 Axes
 + Level 2.8 Armour
 + Level 3.3 Dodging
 + Level 0.7 Stealth


You had 4 spell levels left.
You didn't know any spells.
Your spell library was empty.

Dungeon Overview and Level Annotations

Branches:
Dungeon (4/15)
 Temple: D:4-7

Altars:


Innate Abilities, Weirdness & Mutations

You have a pair of horns on your head.
You reflexively headbutt those who attack you in melee.


Message History

You hit the bombardier beetle.
The bombardier beetle is almost dead.
The liquid fire burns you!
The bombardier beetle barely misses you.
You hit the bombardier beetle but do no damage.
The bombardier beetle is almost dead.
The liquid fire burns you!
* * * LOW HITPOINT WARNING * * *
The bombardier beetle sprays incendiary fluid at you.
The burning spray hits you.
You are even more covered in liquid fire!
Your skin crawls.
You feel strong-willed. The liquid fire burns you!
* * * LOW HITPOINT WARNING * * *
A red film seems to cover your vision as you go berserk!
You feel yourself moving faster!
You feel mighty! The liquid fire burns you!
* * * LOW HITPOINT WARNING * * *
The bombardier beetle bites you but does no damage.
You hit the bombardier beetle.
You kill the bombardier beetle!
Trog accepts your kill. The liquid fire burns you!
* * * LOW HITPOINT WARNING * * *
You shake off some of the fire as you move.
The liquid fire burns you!
* * * LOW HITPOINT WARNING * * *
You see here a bombardier beetle corpse.
You shake off some of the fire as you move.
You feel a strong urge to attack something.
The liquid fire burns you!
* * * LOW HITPOINT WARNING * * *
You shake off some of the fire as you move.
The liquid fire burns you!
* * * LOW HITPOINT WARNING * * *
You shake off some of the fire as you move.
You feel your anger nearly subside. The liquid fire burns you!
You die...

#.........##........#. #
.........##........#. #.
#.# #.....†........
.#..##.###..............
........##..............
≈≈. #....$.#...........
.≈..###..########.††....
.≈.(...†#### ###..†.....
.≈.....@###..#<####....#
.≈........>.....##......
.≈.....#.........#......
.≈.....#................
.≈..............#.......
≈≈.##.#.........#..##...
... #. #........##...##.
.. .. #.........##... .
.. #......... .....


There were no monsters in sight!

Vanquished Creatures
  A bombardier beetle (D:4)
  6 adders
  3 gnolls (D:2)
  2 ribbon worms
  A dart slug (D:3)
  5 orcs (D:3)
  6 ball pythons
  6 endoplasms
  5 giant cockroaches
  5 goblins
  10 hobgoblins
  2 jackals (D:3)
  2 quokkas
  5 bats
  5 frilled lizards
  6 kobolds
  6 rats
76 creatures vanquished.

Notes
Turn   | Place    | Note
-------+----------+-------------------------------------------
     0 | D:1      | Curundu the Minotaur Berserker began the quest for the Orb.
     0 | D:1      | Reached XP level 1. HP: 19/19 MP: 0/0
   252 | D:1      | Reached skill level 4 in Axes
   252 | D:1      | Reached XP level 2. HP: 27/27 MP: 1/1
   393 | D:1      | Found a faded altar of an unknown god.
  1108 | D:2      | Reached XP level 3. HP: 27/33 MP: 2/2
  1398 | D:2      | Reached ** piety under Trog
  1404 | D:2      | Reached XP level 4. HP: 5/41 MP: 3/3
  1962 | D:2      | Reached skill level 5 in Axes
  2466 | D:3      | Reached XP level 5. HP: 47/47 MP: 4/4
  2887 | D:4      | HP: 2/70 [burnt (4)]
  2888 | D:4      | Incinerated by a bombardier beetle

Illustrated notes

Levels and vault maps discovered:
D:1:      lightli_arrival_isolated_outpost, layout_loops_corners,
          dilly_ecumenical_altar_fadedgnrine
D:2:      layout_loops_ring
D:3:      layout_basic
D:4:      layout_cave_pools, nicolae_hepliaklqana_monster_ancestors,
          mainiacjoe_overflow_brackets, serial_shops, shop,
          uniq_crazy_yiuf_cottage

Skill      XL: |  1  2  3  4 |
---------------+-------------+-----
Axes           | 4 5 |  5.9
Fighting       | 4 |  4.7
Dodging        | 3 |  3.3
Armour         | |  2.8
Stealth        | |  0.7

Action                     |  1- 3 |  4- 6 || total
---------------------------+-------+-------++-------
  Melee: Hand axe          |    77 |   109 ||   186
         Headbutt          |    12 |     9 ||    21
         Punch             |     1 |     1 ||     2
 Invoke: Berserk           |     1 |     1 ||     2
         Trog's Hand       |       |     1 ||     1
    Use: Scroll            |       |     5 ||     5
 Armour: Animal skin       |    51 |    35 ||    86
         Chain mail        |       |    31 ||    31
  Dodge: Dodged            |    42 |    66 ||   108
